 Dungeon Crawl Stone Soup version 0.21.1-1-g345015f (webtiles) character file.

126 johnjohn the Chopper (level 5, -1/47 HPs)
             Began as a Hill Orc Fighter on May 14, 2018.
             Slain by an adder (2 damage)
             ... on level 3 of the Dungeon.
             The game lasted 00:11:04 (1881 turns).

johnjohn the Chopper (Hill Orc Fighter)             Turns: 1881, Time: 00:11:06

Health: -1/47      AC:  6    Str: 19    XL:     5   Next: 10%
Magic:  5/5        EV:  7    Int:  8    God:
Gold:   119        SH:  9    Dex: 11    Spells: 4/4 levels left

rFire    . . .     SeeInvis .   a - +0 war axe
rCold    . . .     Gourm    .   c - +0 shield
rNeg     . . .     Faith    .   b - +0 scale mail
rPois    .         Spirit   .   (no helmet)
rElec    .         Reflect  .   (no cloak)
rCorr    .         Harm     .   (no gloves)
MR       .....                  (no boots)
Stlth    ..........             (no amulet)
HPRegen  0.15/turn              (no ring)
MPRegen  0.09/turn              (no ring)

@: lethally poisoned (-1 -> -5)
A: no striking features
a: no special abilities


You were on level 3 of the Dungeon.
You were not hungry.

You visited 1 branch of the dungeon, and saw 3 of its levels.

You collected 119 gold pieces.

Inventory:

Hand Weapons
 a - a +0 war axe (weapon)
 l - a +0 flail
Missiles
 i - 8 silver tomahawks (quivered)
Armour
 b - a +0 scale mail (worn)
 c - a +0 shield (worn)
 m - a +0 ring mail
Scrolls
 e - a scroll of magic mapping {unknown}
 g - 4 scrolls of identify {unknown}
 j - 2 scrolls of enchant armour {unknown}
 n - a scroll of random uselessness {unknown}
 o - a scroll of teleportation {unknown}
 p - a scroll of fog {unknown}
 r - a scroll of noise {unknown}
Potions
 d - 2 potions of might
 h - a potion of flight {unknown}
 k - a potion of lignification {unknown}
 q - 2 potions of brilliance {unknown}
 s - 2 potions of curing {unknown}
 t - 2 potions of invisibility {unknown}
Comestibles
 f - 6 rations


   Skills:
 + Level 4.9 Fighting
 * Level 5.7 Axes
 - Level 3.2 Armour
 - Level 3.2 Shields


You had 4 spell levels left.
You didn't know any spells.

Dungeon Overview and Level Annotations

Branches:
Dungeon (3/15)

Altars:
Qazlal
Ru
Trog


Message History

You closely miss the adder.
You feel sick. You block the adder's attack.
You miss the adder.
You feel sick. You block the adder's attack. The adder bites you.
* * * LOW HITPOINT WARNING * * *
* * * LOW HITPOINT WARNING * * *
You feel sick.
* * * LOW HITPOINT WARNING * * *
You feel sick. The adder bites you.
* * * LOW HITPOINT WARNING * * *
You miss the adder.
* * * LOW HITPOINT WARNING * * *
You feel sick. The adder bites you but does no damage.
You miss the adder.
* * * LOW HITPOINT WARNING * * *
You feel sick. You block the adder's attack.
The adder bites you but does no damage.
Your shield and scale mail prevent you from hitting the adder.
* * * LOW HITPOINT WARNING * * *
You feel sick. The adder completely misses you. The adder bites you.
You die...

#.# #.# #.# #.#
#######.# #(#####
#..<(...###.....#
.>.........>###.#
#()[.)..##### #.#
#..####.# #.##
#..#..#.# #####..###
#..#..#.# #.....@S.##
#..#..#.##...####..†##
#..#..#.#..# ###..#
#..#..#.#. ##.#
#..#.<#.. .g......#
#..##.# .!......#
#.....# ........#
#.##### ..l.....# #.#
.....##.#


You could see an adder.

Vanquished Creatures
  A worker ant (D:3)
  5 adders (D:2)
  A gnoll (D:1)
  A worm (D:2)
  2 dart slugs (D:1)
  2 leopard geckos
  3 orcs (D:3)
  2 giant cockroaches
  3 hobgoblins
  5 kobolds
  A quokka (D:2)
  A ball python (D:2)
  5 bats
  2 frilled lizards
  5 goblins
  6 rats
45 creatures vanquished.

Notes
Turn   | Place    | Note
-------+----------+-------------------------------------------
     0 | D:1      | johnjohn the Hill Orc Fighter began the quest for the Orb.
     0 | D:1      | Reached XP level 1. HP: 19/19 MP: 1/1
    67 | D:1      | Reached skill level 3 in Axes
   115 | D:1      | Reached XP level 2. HP: 27/27 MP: 2/2
   242 | D:1      | Reached skill level 4 in Axes
   242 | D:1      | Reached XP level 3. HP: 29/33 MP: 3/3
  1014 | D:2      | Reached XP level 4. HP: 36/41 MP: 4/4
  1211 | D:2      | Reached skill level 5 in Axes
  1332 | D:2      | Found a faded altar of an unknown god.
  1332 | D:2      | Found a stormy altar of Qazlal.
  1355 | D:2      | Found a bloodstained altar of Trog.
  1362 | D:2      | Found a faded altar of an unknown god.
  1364 | D:2      | Found a sacrificial altar of Ru.
  1868 | D:3      | Reached XP level 5. HP: 25/47 MP: 5/5
  1880 | D:3      | HP: 2/47 [poisoned by a worker ant]
  1881 | D:3      | Slain by an adder

Skill      XL: |  1  2  3  4 |
---------------+-------------+-----
Axes           | 3 4 5 |  5.7
Fighting       | 4 |  4.9
Armour         | |  3.2
Shields        | |  3.2

Action                   |  1- 3 |  4- 6 || total
-------------------------+-------+-------++-------
Melee: War axe           |    69 |    67 ||   136
Throw: Tomahawk          |       |     8 ||     8
  Eat: Ration            |       |     1 ||     1
       Chunk             |       |     1 ||     1
Armor: Scale mail        |    28 |    36 ||    64
Dodge: Dodged            |    24 |    20 ||    44
Block: Shield            |    39 |    41 ||    80
